Map: Base du roi Sejong EC

Players

Svist - Winner!

  • Race: Protoss Protoss
  • League: Platinum
  • Spawn Location: 11:00

zidar

  • Race: Zerg Zerg
  • League: Platinum
  • Spawn Location: 5:00

VOD

Have the link to the VOD?

Description

Time

  • Played on: Oct. 20, 2016, 2:46 p.m.
  • Length: 12:21
Show
View Real Time Build Order
Export as new Build Order

Svist Protoss - Winner!

Build Orders:  

Get SALT Encoding   

  12  0:01  Probe (Chrono Boost)  
  13  0:19  Pylon  
  13  0:20  Probe (Chrono Boost)  
  14  0:31  Probe (Chrono Boost)  
  15  0:42  Probe (Chrono Boost)  
  16  0:52  Probe (Chrono Boost)  
  17  1:03  Probe (Chrono Boost)  
  18  1:09  Nexus  
  18  1:22  Probe (Chrono Boost)  
  19  1:26  Assimilator  
  19  1:30  Assimilator  
  19  1:32  Probe (Chrono Boost)  
  20  1:33  Assimilator  
  20  1:35  Pylon  
  20  1:48  Forge  
  20  2:13  Pylon  
  20  2:16  Gateway  
  20  2:20  Pylon  
  22  2:23  Probe x2 (Chrono Boost)  
  22  2:33  Probe x2 (Chrono Boost)  
  23  2:43  Photon Cannon  
  23  2:44  Probe x2 (Chrono Boost)  
  25  2:50  Gateway  
  25  2:54  Gateway, Probe (Chrono Boost)  
  26  2:59  Assimilator  
  26  3:03  Probe (Chrono Boost)  
  26  3:04  Assimilator  
  27  3:06  Pylon  
  27  3:07  Zealot  
  29  3:13  Probe (Chrono Boost)  
  29  3:18  Probe (Chrono Boost)  
  31  3:24  Probe (Chrono Boost)  
  32  3:29  Probe (Chrono Boost)  
  33  3:34  Probe (Chrono Boost)  
  33  3:39  Probe (Chrono Boost)  
  35  3:45  Probe (Chrono Boost), Cybernetics Core  
  36  3:51  Probe (Chrono Boost)  
  36  3:55  Probe (Chrono Boost)  
  38  4:00  Protoss Ground Weapons Level 1 (Chrono Boost)  
  38  4:02  Probe  
  39  4:04  Probe  
  40  4:16  Pylon  
  40  4:22  Pylon  
  40  4:26  Pylon  
  40  4:27  Sentry  
  40  4:31  Pylon x2  
  42  4:34  Pylon  
  42  4:37  Twilight Council  
  42  4:39  Warp Gate (Chrono Boost)  
  42  4:40  Mothership Core, Probe  
  45  4:47  Sentry  
  45  4:51  Probe  
  48  4:56  Sentry  
  50  5:01  Probe  
  50  5:02  Probe  
  52  5:18  Templar Archives  
  52  5:32  Blink (Chrono Boost)  
  52  5:34  Stalker  
  54  5:35  Stalker  
  54  5:36  Stalker  
  58  5:58  Psionic Storm  
  60  6:04  High Templar  
  60  6:22  Gateway  
  60  6:23  Gateway  
  60  6:25  Gateway  
  60  6:32  Pylon  
  60  6:35  Pylon  
  60  6:38  Gateway  
  60  6:41  Gateway  
  60  6:46  Photon Cannon  
  60  6:50  Photon Cannon  
  60  6:59  High Templar x3  
  66  7:06  Photon Cannon  
  66  7:15  Robotics Facility  
  66  7:32  Stalker x3  
  72  7:40  Stalker x4  
  80  7:56  High Templar x2  
  80  7:57  High Templar  
  86  8:02  Observer  
  87  8:07  Zealot x4  
  95  8:24  Observer  
  72  8:52  Stalker  
  72  8:53  Stalker x5  
  72  8:54  Stalker  
  82  9:15  Nexus, Pylon  
  82  9:17  Warp Prism  
  82  9:18  Pylon  
  82  9:21  Assimilator  
  84  9:26  Assimilator  
  84  9:29  Pylon  
  84  9:37  Stalker x2  
  84  9:38  Stalker x4  
  92  9:39  Stalker  
  98  9:59  Photon Cannon x2  
  98  10:00  Gateway  
  98  10:02  Gateway  
  98  10:04  Gateway  
  98  10:05  Photon Cannon  
  98  10:36  Zealot x3  
  98  10:37  Zealot x2  
  98  10:39  Zealot x2  
  88  11:38  Stalker x4  
  88  11:39  Stalker x2  
  100  11:54  High Templar  
  97  12:11  Archon  
  90  12:18  Stalker  
  90  12:19  Stalker x5  
Show
View Real Time Build Order
Export as new Build Order

zidar Zerg 

Build Orders: Hatch First, Lurkers 

Get SALT Encoding   

  12  0:01  Drone  
  13  0:12  Overlord  
  13  0:17  Drone  
  14  0:32  Drone x2  
  16  0:53  Hatchery  
  16  0:55  Drone  
  16  0:58  Extractor  
  16  1:02  Drone  
  16  1:18  Spawning Pool  
  15  1:22  Drone  
  16  1:27  Drone  
  17  1:33  Drone  
  18  1:49  Drone  
  19  2:05  Queen  
  19  2:06  Metabolic Boost  
  21  2:08  Zergling x2  
  21  2:09  Zergling x4  
  24  2:44  Queen  
  26  2:52  Drone x2  
  26  2:54  Overlord  
  26  2:55  Overlord  
  28  3:10  Overlord  
  28  3:13  Drone x3  
  31  3:33  Drone x6  
  31  3:34  Roach Warren  
  36  3:55  Pneumatized Carapace  
  36  3:57  Lair  
  36  4:01  Drone x6  
  42  4:07  Extractor, Drone  
  42  4:16  Overlord  
  42  4:26  Drone x4  
  46  4:34  Evolution Chamber  
  45  4:39  Extractor  
  45  4:41  Extractor  
  43  4:50  Hatchery  
  43  4:52  Queen  
  44  4:53  Drone x6  
  50  5:06  Hydralisk Den  
  49  5:09  Evolution Chamber  
  48  5:28  Zerg Ground Armor Level 1  
  48  5:39  Lurker Den  
  48  5:41  Hydralisk  
  48  5:42  Hydralisk x5  
  60  5:47  Overlord x3  
  60  5:53  Zerg Missile Weapons Level 1  
  60  6:02  Drone x4  
  63  6:22  Drone  
  63  6:23  Drone  
  65  6:26  Roach x6  
  65  6:27  Roach x2  
  81  6:52  Spore Crawler  
  81  6:54  Spore Crawler  
  79  6:57  Spore Crawler  
  79  7:00  Hydralisk  
  79  7:01  Spore Crawler, Hydralisk x5  
  89  7:19  Drone  
  89  7:22  Overlord x3  
  90  7:34  Overlord x3  
  90  7:35  Glial Reconstitution  
  90  7:50  Muscular Augments  
  90  7:51  Zerg Missile Weapons Level 2  
  90  7:52  Zerg Ground Armor Level 2  
  90  7:56  Hydralisk x3  
  96  8:02  Lurker  
  96  8:03  Lurker  
  98  8:11  Drone x7  
  68  8:50  Hydralisk  
  68  8:51  Hydralisk x8  
  68  8:52  Roach x3  
  68  8:53  Zergling x6  
  85  9:13  Overseer  
  85  9:17  Hydralisk x5  
  95  9:32  Hydralisk x3  
  95  9:37  Zergling x2  
  95  9:38  Zergling x8  
  106  9:40  Queen  
  108  9:49  Drone x6  
  115  9:52  Lurker  
  115  9:53  Lurker  
  116  10:00  Roach x2  
  120  10:24  Extractor  
  120  10:27  Extractor  
  118  10:31  Infestation Pit  
  81  11:37  Hydralisk  
  81  11:38  Hydralisk x12  
  94  11:59  Lurker  
Tags
 
Add a new tag
Caveats
  • Supply blocks, unpowered buildings, or Contaminate may cause inaccurate times.
  • Supply counts are checked every 10 seconds.